General information
- name: BNet
- type: Ladder team game (AT/RT)
- host: Battle.net
- saver: 1st_Panzer_Div.
map: DragonFalls
- players: 8
- length: 19:18
- speed: Fast
- version: 1.21 W3XP
- replay type: Public
» download(130 KB)
Players
team 1 (loser)

»
Fintastic (
yellow | 50 APM | 948 actions | 19:06)
4 Blademaster
2 Wind Walk
2 Critical Strike
» actions
| Assign group hotkey | 13 | |
| Basic commands | 11 | |
| Build / train | 41 | |
| Enter build submenu | 21 | |
| Enter hero's abilities submenu | 4 | |
| Remove unit from queue | 1 | |
| Right click | 464 | |
| Select / deselect | 319 | |
| Select group hotkey | 23 | |
| Use ability | 50 | |
948 total
» units
| Peon | 11 | |
| Grunt | 4 | |
| Tauren | 6 | |
| Troll Witch Doctor | 1 | |
22 total
» upgrades
| Pillage | 1 | |
| Armor | 2 | |
| Melee Weapons | 1 | |
| Witch Doctor Training | 2 | |
6 total
» buildings
| Altar of Storms | 1 | |
| Orc Burrow | 8 | |
| Barracks | 1 | |
| Voodoo Lounge | 1 | |
| War Mill | 1 | |
| Stronghold | 1 | |
| Watch Tower | 5 | |
| Fortress | 1 | |
| Spirit Lodge | 1 | |
| Tauren Totem | 2 | |
22 total
» build order
00:06 Altar of Storms
00:28 Orc Burrow
01:36 Barracks
01:52 Orc Burrow
02:26 Voodoo Lounge
02:49 Orc Burrow
03:54 War Mill
05:01 Stronghold
05:18 Watch Tower
06:24 Watch Tower
08:51 Fortress
10:20 Orc Burrow
10:26 Orc Burrow
10:28 Orc Burrow
10:31 Orc Burrow
10:52 Spirit Lodge
11:00 Watch Tower
11:32 Tauren Totem
11:36 Tauren Totem
12:11 Watch Tower
13:18 Watch Tower
17:26 Orc Burrow
» items
| Healing Salve | 2 | |
| Lesser Clarity Potion | 2 | |
| Orb of Lightning | 1 | |
5 total
3-eLeVeN (
pink | 57 APM | 1081 actions | 19:03)
1 Death Knight
1 Death Coil
1 Dreadlord
1 Vampiric Aura
» actions
| Assign group hotkey | 73 | |
| Basic commands | 87 | |
| Build / train | 40 | |
| Enter build submenu | 12 | |
| Enter hero's abilities submenu | 2 | |
| Right click | 341 | |
| Select / deselect | 166 | |
| Select group hotkey | 338 | |
| Use ability | 22 | |
1081 total
» units
| Acolyte | 2 | |
| Ghoul | 9 | |
| Gargoyle | 10 | |
| Necromancer | 6 | |
27 total
» upgrades
| Creature Carapace | 1 | |
| Burrow | 1 | |
| Unholy Strength | 2 | |
| Unholy Armor | 2 | |
| Skeletal Longevity | 1 | |
7 total
» buildings
| Crypt | 2 | |
| Halls of the Dead | 1 | |
| Altar of Darkness | 1 | |
| Ziggurat | 6 | |
| Graveyard | 1 | |
| Temple of the Damned | 2 | |
| Spirit Tower | 1 | |
14 total
» build order
00:07 Crypt
01:03 Halls of the Dead
01:33 Altar of Darkness
01:52 Ziggurat
02:17 Graveyard
02:40 Ziggurat
03:46 Crypt
04:14 Ziggurat
05:45 Ziggurat
08:29 Temple of the Damned
08:33 Temple of the Damned
10:46 Ziggurat
10:51 Ziggurat
14:47 Spirit Tower
CampianoMegen (
blue | 35 APM | 644 actions | 18:28)
2 Death Knight
1 Death Coil
1 Unholy Aura
1 Crypt Lord
1 Spiked Carapace
» actions
| Assign group hotkey | 19 | |
| Build / train | 32 | |
| Enter build submenu | 16 | |
| Enter hero's abilities submenu | 3 | |
| Right click | 193 | |
| Select / deselect | 142 | |
| Select group hotkey | 217 | |
| Use ability | 22 | |
644 total
» units
| Acolyte | 5 | |
| Ghoul | 5 | |
| Crypt Fiend | 7 | |
| Obsidian Statue | 2 | |
| Frost Wyrm | 2 | |
21 total
» upgrades
» buildings
| Ziggurat | 6 | |
| Crypt | 1 | |
| Altar of Darkness | 1 | |
| Graveyard | 1 | |
| Halls of the Dead | 2 | |
| Slaughterhouse | 1 | |
| Tomb of Relics | 1 | |
| Black Citadel | 1 | |
| Sacrificial Pit | 1 | |
| Boneyard | 2 | |
17 total
» build order
00:20 Ziggurat
00:25 Crypt
00:35 Altar of Darkness
01:52 Graveyard
02:18 Ziggurat
03:07 Halls of the Dead
03:07 Halls of the Dead
03:49 Ziggurat
04:03 Ziggurat
05:30 Slaughterhouse
06:38 Tomb of Relics
08:30 Black Citadel
10:34 Ziggurat
10:36 Ziggurat
11:00 Sacrificial Pit
12:03 Boneyard
12:46 Boneyard
» items
pieceno (
teal | 33 APM | 631 actions | 19:16)
3 Crypt Lord
1 Impale
2 Carrion Beetles
» actions
| Assign group hotkey | 3 | |
| Basic commands | 14 | |
| Build / train | 59 | |
| Enter build submenu | 19 | |
| Enter hero's abilities submenu | 3 | |
| Give item / drop item | 2 | |
| Remove unit from queue | 1 | |
| Right click | 330 | |
| Select / deselect | 167 | |
| Select group hotkey | 1 | |
| Use ability | 32 | |
631 total
» units
| Acolyte | 14 | |
| Ghoul | 9 | |
| Crypt Fiend | 3 | |
| Obsidian Statue | 7 | |
| Frost Wyrm | 4 | |
37 total
» upgrades
| Unholy Strength | 2 | |
| Unholy Armor | 2 | |
| Creature Attack | 2 | |
| Creature Carapace | 2 | |
| Web | 1 | |
| Freezing Breath | 1 | |
10 total
» buildings
| Crypt | 1 | |
| Graveyard | 1 | |
| Ziggurat | 5 | |
| Altar of Darkness | 1 | |
| Tomb of Relics | 1 | |
| Halls of the Dead | 1 | |
| Black Citadel | 1 | |
| Slaughterhouse | 1 | |
| Sacrificial Pit | 1 | |
| Boneyard | 1 | |
| Spirit Tower | 2 | |
| Necropolis | 1 | |
17 total
» build order
00:23 Crypt
00:34 Graveyard
01:04 Ziggurat
01:15 Altar of Darkness
01:35 Tomb of Relics
02:02 Ziggurat
04:20 Halls of the Dead
06:43 Ziggurat
07:56 Black Citadel
10:01 Slaughterhouse
10:55 Sacrificial Pit
12:00 Ziggurat
12:07 Ziggurat
13:01 Boneyard
16:05 Spirit Tower
16:07 Spirit Tower
16:47 Necropolis
» items
| Rod of Necromancy | 1 | |
| Potion of Healing | 1 | |
2 total
team 2 (winner)
Legend4Ever (
red | 49 APM | 948 actions | 19:17)
5 Keeper of the Grove
3 Force of Nature
2 Entangling Roots
» actions
| Assign group hotkey | 10 | |
| Basic commands | 76 | |
| Build / train | 50 | |
| ESC pressed | 9 | |
| Enter build submenu | 15 | |
| Enter hero's abilities submenu | 5 | |
| Remove unit from queue | 1 | |
| Right click | 439 | |
| Select / deselect | 201 | |
| Select group hotkey | 97 | |
| Use ability | 45 | |
948 total
» units
» upgrades
| Strength of the Moon | 1 | |
| Moon Armor | 1 | |
2 total
» buildings
| Altar of Elders | 1 | |
| Moon Well | 5 | |
| Ancient of War | 2 | |
| Hunter's Hall | 1 | |
| Tree of Ages | 2 | |
| Ancient of Wonders | 1 | |
| Tree of Life | 2 | |
14 total
» build order
00:05 Altar of Elders
00:08 Moon Well
00:32 Ancient of War
01:30 Moon Well
02:36 Hunter's Hall
03:02 Moon Well
04:29 Tree of Ages
05:55 Moon Well
06:20 Moon Well
09:18 Ancient of Wonders
11:37 Tree of Life
12:30 Tree of Life
15:02 Ancient of War
17:01 Tree of Ages
» items
2xX-Peonsdreams (
orange | 33 APM | 629 actions | 19:17)
3 Dreadlord
2 Sleep
1 Vampiric Aura
» actions
| Assign group hotkey | 1 | |
| Basic commands | 9 | |
| Build / train | 52 | |
| ESC pressed | 3 | |
| Enter build submenu | 29 | |
| Enter hero's abilities submenu | 3 | |
| Remove unit from queue | 4 | |
| Right click | 250 | |
| Select / deselect | 252 | |
| Use ability | 26 | |
629 total
» units
| Acolyte | 3 | |
| Ghoul | 6 | |
| Crypt Fiend | 16 | |
25 total
» upgrades
| Unholy Strength | 1 | |
| Unholy Armor | 2 | |
| Creature Carapace | 3 | |
| Creature Attack | 3 | |
| Web | 1 | |
| Burrow | 1 | |
11 total
» buildings
| Crypt | 2 | |
| Altar of Darkness | 1 | |
| Ziggurat | 11 | |
| Graveyard | 2 | |
| Halls of the Dead | 1 | |
| Black Citadel | 1 | |
| Temple of the Damned | 2 | |
| Slaughterhouse | 1 | |
| Spirit Tower | 4 | |
25 total
» build order
00:14 Crypt
00:20 Altar of Darkness
00:43 Ziggurat
01:42 Ziggurat
01:47 Ziggurat
01:56 Graveyard
02:03 Ziggurat
02:05 Ziggurat
02:49 Halls of the Dead
04:16 Ziggurat
06:09 Black Citadel
06:18 Temple of the Damned
06:31 Temple of the Damned
06:42 Slaughterhouse
07:13 Crypt
07:31 Spirit Tower
07:35 Ziggurat
07:38 Ziggurat
09:11 Spirit Tower
09:14 Spirit Tower
13:06 Ziggurat
13:09 Ziggurat
13:11 Ziggurat
14:03 Spirit Tower
14:30 Black Citadel
18:26 Graveyard
1st_Panzer_Div. (
purple | 75 APM | 1455 actions | 19:18)
5 Death Knight
3 Death Coil
2 Unholy Aura
» actions
| Assign group hotkey | 144 | |
| Basic commands | 93 | |
| Build / train | 67 | |
| ESC pressed | 3 | |
| Enter build submenu | 19 | |
| Enter hero's abilities submenu | 5 | |
| Give item / drop item | 2 | |
| Remove unit from queue | 1 | |
| Right click | 402 | |
| Select / deselect | 414 | |
| Select group hotkey | 202 | |
| Use ability | 103 | |
1455 total
» units
| Acolyte | 9 | |
| Ghoul | 6 | |
| Meatwagon | 3 | |
| Necromancer | 9 | |
| Gargoyle | 2 | |
| Goblin Zeppelin | 4 | |
| Obsidian Statue | 1 | |
| Green Dragon | 1 | |
| Green Drake | 1 | |
| Green Dragon Whelp | 1 | |
37 total
» upgrades
| Skeletal Longevity | 1 | |
| Unholy Strength | 2 | |
| Exhume Corpses | 1 | |
| Necromancer Training | 2 | |
| Unholy Armor | 1 | |
| Disease Cloud | 1 | |
| Skeletal Mastery | 1 | |
9 total
» buildings
| Crypt | 1 | |
| Ziggurat | 9 | |
| Altar of Darkness | 1 | |
| Tomb of Relics | 1 | |
| Halls of the Dead | 1 | |
| Graveyard | 1 | |
| Sacrificial Pit | 1 | |
| Slaughterhouse | 1 | |
| Temple of the Damned | 1 | |
| Necropolis | 1 | |
| Black Citadel | 1 | |
| Spirit Tower | 2 | |
| Nerubian Tower | 2 | |
23 total
» build order
00:25 Crypt
00:27 Ziggurat
00:34 Altar of Darkness
01:33 Tomb of Relics
02:35 Halls of the Dead
02:37 Graveyard
03:18 Ziggurat
03:19 Ziggurat
04:48 Ziggurat
05:02 Sacrificial Pit
05:40 Slaughterhouse
05:41 Temple of the Damned
09:49 Necropolis
10:47 Black Citadel
11:10 Spirit Tower
11:11 Ziggurat
11:13 Ziggurat
11:35 Ziggurat
11:35 Ziggurat
13:04 Spirit Tower
13:05 Nerubian Tower
14:42 Ziggurat
14:43 Nerubian Tower
» items
| Rod of Necromancy | 2 | |
| Scroll of Town Portal | 3 | |
| Orb of Corruption | 1 | |
| Scroll of Healing | 1 | |
7 total
betamon22 (
green | 61 APM | 1173 actions | 19:17)
7 Paladin
3 Holy Light
3 Devotion Aura
1 Resurrection
» actions
| Assign group hotkey | 58 | |
| Basic commands | 56 | |
| Build / train | 69 | |
| Enter build submenu | 24 | |
| Enter hero's abilities submenu | 7 | |
| Give item / drop item | 1 | |
| Right click | 586 | |
| Select / deselect | 287 | |
| Select group hotkey | 26 | |
| Use ability | 59 | |
1173 total
» units
| Peasant | 13 | |
| Footman | 7 | |
| Knight | 9 | |
| Siege Engine | 2 | |
31 total
» upgrades
| Defend | 1 | |
| Swords | 3 | |
| Plating | 4 | |
| Animal War Training | 1 | |
| Barrage | 1 | |
| Lumber Harvesting | 2 | |
| Gunpowder | 1 | |
13 total
» buildings
| Altar of Kings | 1 | |
| Farm | 10 | |
| Barracks | 3 | |
| Scout Tower | 5 | |
| Arcane Tower | 1 | |
| Keep | 1 | |
| Arcane Vault | 1 | |
| Town Hall | 1 | |
| Castle | 1 | |
| Blacksmith | 1 | |
| Lumber Mill | 1 | |
| Guard Tower | 4 | |
| Workshop | 1 | |
31 total
» build order
00:17 Altar of Kings
00:21 Farm
00:53 Barracks
01:02 Farm
01:53 Scout Tower
02:24 Arcane Tower
02:43 Farm
03:16 Keep
03:55 Arcane Vault
04:33 Town Hall
05:04 Farm
05:50 Castle
06:18 Blacksmith
06:21 Lumber Mill
07:37 Barracks
07:41 Barracks
08:46 Scout Tower
09:31 Guard Tower
09:32 Scout Tower
10:10 Guard Tower
10:12 Scout Tower
10:23 Farm
10:26 Workshop
10:41 Guard Tower
10:43 Scout Tower
11:22 Guard Tower
11:40 Farm
12:37 Farm
13:19 Farm
13:23 Farm
14:00 Farm
» items
| Boots of Speed | 1 | |
| Orb of Fire | 1 | |
| Lesser Clarity Potion | 2 | |
| Potion of Mana | 2 | |
| Scroll of Town Portal | 3 | |
| Scroll of Regeneration | 1 | |
10 total
Chat log
(00:09 / All) 1st_Panzer_Div.: OMG OMG FIRST GAME EVER
(00:11 / All) betamon22: i always lose on this map
(00:13 / All) 1st_Panzer_Div.: WHAT DO I BUILD?
(00:19 / All) 1st_Panzer_Div.: AND WE ALWAYS LOSE!!!
(00:38 / Allies) 2xX-Peonsdreams: ok...
(00:44 / Allies) 1st_Panzer_Div.: hi my name is panzer
(00:48 / Allies) 1st_Panzer_Div.: this is my warm-up game
(00:54 / Allies) 1st_Panzer_Div.: you guys gonna own or suck?
(00:59 / Allies) 2xX-Peonsdreams: ok well, lets pls win this warmup
(01:08 / Allies) 1st_Panzer_Div.: mmm ok
(01:11 / Allies) betamon22: i've been up 2 days lil sluggish
(01:13 / Allies) 1st_Panzer_Div.: I was planning on that I think
(01:15 / Allies) 2xX-Peonsdreams: it depends on team, and wat we get
(01:16 / Allies) Legend4Ever: <--<< gonna pwn
(01:20 / Allies) 1st_Panzer_Div.: lol
(01:22 / Allies) 1st_Panzer_Div.: red is nub
(01:37 / Allies) betamon22: i got knights pristes
(01:45 / Allies) 1st_Panzer_Div.: I got some fun
(02:15 / Allies) 1st_Panzer_Div.: you in clan lgnd?
(02:17 / Allies) 2xX-Peonsdreams: <casters
(02:22 / Allies) 1st_Panzer_Div.: mmm
(02:25 / Allies) 1st_Panzer_Div.: I got a couple caster
(02:26 / Allies) betamon22: mne?
(02:47 / Allies) 1st_Panzer_Div.: and I'm already tefchi
(03:03 / Allies) 2xX-Peonsdreams: red
(03:07 / Allies) 2xX-Peonsdreams: u gonna die u hit those
(03:09 / Allies) betamon22: only getting pally this game
(03:19 / Allies) betamon22: 3 ud
(03:40 / Allies) betamon22: come plz
(03:44 / Allies) 1st_Panzer_Div.: oj go wryms
(03:57 / Allies) 1st_Panzer_Div.: plz
(04:18 / Allies) betamon22: my mine
(04:28 / Allies) 1st_Panzer_Div.: you can take oj
(04:54 / Allies) 1st_Panzer_Div.: shit I have to have that actually
(04:57 / Allies) 1st_Panzer_Div.: nvm
(05:08 / Allies) 2xX-Peonsdreams: i dont get any
(05:22 / Allies) 1st_Panzer_Div.: you got enough
(06:03 / Allies) Legend4Ever: go to next mine below u green
(06:10 / Allies) Legend4Ever: my mine
(06:27 / Allies) 1st_Panzer_Div.: not caster plz
(06:37 / Allies) 2xX-Peonsdreams: ?
(06:44 / Allies) 1st_Panzer_Div.: hmm
(06:47 / Allies) 1st_Panzer_Div.: uhh no aa here
(07:01 / Allies) 1st_Panzer_Div.: yea they got anti air and air
(07:07 / Allies) 1st_Panzer_Div.: get some towers
(07:35 / All) 3-eLeVeN: GET THF ARJERs
(07:42 / All) 1st_Panzer_Div.: ok
(08:08 / Allies) 2xX-Peonsdreams: damn
(08:14 / Allies) 1st_Panzer_Div.: ur fine
(08:21 / Allies) 2xX-Peonsdreams: i cant do anythin to help
(08:23 / Allies) 1st_Panzer_Div.: send fiends
(08:30 / Allies) 2xX-Peonsdreams: im getting fiends
(09:50 / Allies) betamon22: pool me
(10:09 / Allies) 2xX-Peonsdreams: i dont got much
(10:15 / Allies) betamon22: red gold
(10:32 / Allies) 2xX-Peonsdreams: not to me
(10:33 / Allies) 1st_Panzer_Div.: red you got wisp?
(10:38 / Allies) Legend4Ever: yes
(10:40 / Allies) 1st_Panzer_Div.: tight
(10:43 / Allies) 1st_Panzer_Div.: gargs can't kill shit
(11:22 / Allies) 1st_Panzer_Div.: yellow has nothing but a hero
(11:58 / Allies) Legend4Ever: help me green
(12:06 / Allies) 1st_Panzer_Div.: dead
(12:07 / Allies) betamon22: sec grabbing itmes
(12:25 / Allies) 2xX-Peonsdreams: need help?
(12:26 / Allies) 1st_Panzer_Div.: no
(12:29 / Allies) 1st_Panzer_Div.: yellow and
(12:31 / Allies) 2xX-Peonsdreams: k
(12:34 / All) 3-eLeVeN: Nerowagonfag
(12:40 / All) 1st_Panzer_Div.: yea
(12:41 / All) 1st_Panzer_Div.: I know
(12:46 / Allies) 1st_Panzer_Div.: yellow and blue have no food/money
(12:46 / All) 3-eLeVeN: Sweet strat tho
(12:48 / Allies) 1st_Panzer_Div.: they're pretty much dead
(12:50 / All) 3-eLeVeN: I do it all the time lol
(13:35 / Allies) 1st_Panzer_Div.: they only got 1 expo
(13:36 / Allies) 1st_Panzer_Div.: this is over
(13:39 / Allies) 1st_Panzer_Div.: they got like no gold
(14:27 / Allies) 1st_Panzer_Div.: ahh kill that teal mine
(14:31 / Allies) 1st_Panzer_Div.: I'll get his base
(14:54 / Allies) 2xX-Peonsdreams: where should i go
(14:56 / Allies) 1st_Panzer_Div.: AHHHHH
(15:01 / Allies) 1st_Panzer_Div.: go kill blue some
(15:03 / Allies) 1st_Panzer_Div.: I'll get a tp
(15:05 / Allies) 2xX-Peonsdreams: ok
(15:07 / Allies) 1st_Panzer_Div.: out of them
(15:17 / Allies) 1st_Panzer_Div.: yea 3 uds
(15:26 / Allies) betamon22: pally pwns ud
(15:27 / Allies) 2xX-Peonsdreams: they are only lvl 2
(15:39 / All) 3-eLeVeN: ahahahahahah
(15:48 / Allies) 1st_Panzer_Div.: ah hahaha
(16:02 / All) 1st_Panzer_Div.: Are you teh anti me blue
(16:38 / Allies) 1st_Panzer_Div.: ah haha
(16:43 / Allies) 1st_Panzer_Div.: they are so fucked
(16:49 / Allies) 1st_Panzer_Div.: blue can't do shit
(16:52 / Allies) 1st_Panzer_Div.: yellow can't do shit
(16:53 / Allies) 1st_Panzer_Div.: teal can't do shit
(17:07 / Allies) 2xX-Peonsdreams: i like winning
(17:14 / Allies) 1st_Panzer_Div.: yea it's kinda easy vs 3 uds
(17:20 / Allies) 1st_Panzer_Div.: terrible luck fo rthem
(17:31 / Allies) 2xX-Peonsdreams: and im half asleep
(17:33 / Allies) 2xX-Peonsdreams: XP
(17:56 / Allies) 1st_Panzer_Div.: fall back?
(17:56 / Allies) 2xX-Peonsdreams: spiders take forever to kill buildings
(18:01 / Allies) 1st_Panzer_Div.: yea they do
(18:05 / Allies) 1st_Panzer_Div.: tp oj
(18:11 / Allies) 1st_Panzer_Div.: you got the aa
(18:15 / Allies) 1st_Panzer_Div.: and oh they got necros lol
(18:19 / All) 1st_Panzer_Div.: how quant
(18:20 / All) 1st_Panzer_Div.: necros
(18:35 / Allies) Legend4Ever: come on guys
(18:39 / All) 3-eLeVeN: God my team blew
(18:40 / Allies) 1st_Panzer_Div.: we won
(18:41 / Allies) 1st_Panzer_Div.: it's over
(18:43 / All) 1st_Panzer_Div.: so do you
(18:47 / All) 1st_Panzer_Div.: they jsut got raped by me faster
(18:52 / All) 3-eLeVeN: Right
(18:59 / All) 1st_Panzer_Div.: Wanna 1v1?
(19:13 / All) 1st_Panzer_Div.: you have no better defense then the rest of them